 Dungeon Crawl Stone Soup version 0.25.1-8-g42b30a86e7 (webtiles) character file.

Game seed: 11031362604777808625

311118 Froggeryz the Brawler (level 20, -11/164 HPs)
             Began as a Demonspawn Gladiator on Dec 24, 2020.
             Was the Champion of Okawaru.
             Mangled by a vault warden
             ... wielding a +1 long sword
              (26 damage)
             ... on level 4 of the Vaults.
             The game lasted 01:40:47 (60792 turns).

Froggeryz the Brawler (Demonspawn Gladiator)       Turns: 60792, Time: 01:40:48

Health: -11/164    AC: 35    Str: 26    XL:     20   Next: 41%
Magic:  24/28      EV: 11    Int: 11    God:    Okawaru [******]
Gold:   1185       SH: 16    Dex: 19    Spells: 22/27 levels left

rFire    . . .     SeeInvis +     - Unarmed
rCold    + + .     Gourm    .   c - +1 kite shield {AC+3}
rNeg     . . .     Faith    .   f - +4 crystal plate armour
rPois    +         Spirit   .   (helmet unavailable)
rElec    +         Reflect  .   W - +1 cloak of Starlight {rElec rC+ EV+4 Stlth--}
rCorr    .         Harm     .   (gloves unavailable)
MR       ++...                  a - +1 pair of boots "Nefiuh" {rPois Str+4 Dex+4}
Stlth    ..........             k - amulet of regeneration
HPRegen  0.77/turn              D - ring of protection from magic
MPRegen  0.21/turn              G - ring of Wasub {rPois rC+ SInv Stlth-}

@: about to teleport, finesse, flayed
A: antennae 3, claws 3, talons 2, demonic guardian 3, nightstalker 3, subdued
magic 1
}: 2/15 runes: barnacled, gossamer
a: Heroism, Finesse, Renounce Religion


You were on level 4 of the Vaults.
You worshipped Okawaru.
Okawaru was exalted by your worship.
You were not hungry.

You visited 7 branches of the dungeon, and saw 36 of its levels.
You visited 1 bazaar.
You also visited: Gauntlet and Ice Cave.

You collected 3886 gold pieces.
You spent 2701 gold pieces at shops.

Inventory:

Missiles
 g - 31 javelins (quivered)
 q - 41 silver javelins
 V - 10 curare-tipped darts
Armour
 a - the +1 pair of boots "Nefiuh" (worn) {rPois Str+4 Dex+4}
   (Okawaru gifted it to you on level 1 of the Lair of Beasts)

   It affects your strength (+4).
   It affects your dexterity (+4).
   It protects you from poison.
 c - a +1 kite shield of protection (worn)
 f - a +4 crystal plate armour (worn)
 z - a +0 tower shield of protection
 K - a +2 hat of see invisible
 Q - the +4 Cigotuvi's embrace {rRot *Drain rN+}
   (You found it in a Gauntlet)

   It protects you from negative energy.
   It causes draining when unequipped.
 W - the +1 cloak of Starlight (worn) {rElec rC+ EV+4 Stlth--}
   (You found it in a Gauntlet)

   It affects your evasion (+4).
   It protects you from cold.
   It insulates you from electricity.
   It makes you much less stealthy.
Jewellery
 k - an amulet of regeneration (around neck)
 B - an uncursed ring of protection from cold
 D - a ring of protection from magic (left claw)
 G - the ring of Wasub (right claw) {rPois rC+ SInv Stlth-}
   (You took it off a frost giant on level 1 of the Shoals)

   [ring of attention]

   It protects you from cold.
   It protects you from poison.
   It lets you see invisible.
   It makes you less stealthy.
 M - the ring of Jeripla {Fire *Contam Slay+2 SInv Stlth+}
   (You found it in a Gauntlet)

   [ring of fire]

   It enhances your fire magic.
   It affects your accuracy and damage with ranged weapons and melee attacks
   (+2).
   It protects you from fire.
   It makes you vulnerable to cold.
   It lets you see invisible.
   It causes magical contamination when unequipped.
   It makes you more stealthy.
Wands
 b - a wand of clouds (12)
 i - a wand of paralysis (14)
 F - a wand of acid (9)
 I - a wand of flame (49)
 P - a wand of digging (9)
 T - a wand of iceblast (22)
Scrolls
 e - 14 scrolls of remove curse
 n - 5 scrolls of identify
 o - a scroll of summoning
 s - 5 scrolls of teleportation
 E - 3 scrolls of fog
 L - 2 scrolls of blinking
 R - 4 scrolls of magic mapping
 S - 5 scrolls of immolation
Potions
 h - 5 potions of flight
 j - 29 potions of curing
 l - 2 potions of berserk rage
 p - 6 potions of mutation
 r - 5 potions of heal wounds
 u - a potion of might
 w - 9 potions of haste
 x - a potion of cancellation
 A - 4 potions of lignification
 J - a potion of resistance
 Y - 3 potions of ambrosia
Miscellaneous
 y - 2 phantom mirrors
Comestibles
 d - 63 rations
 m - 6 chunks of flesh


   Skills:
 + Level 16.0 Fighting
 - Level 5.0 Throwing
 * Level 14.5 Armour
 - Level 2.6 Dodging
 - Level 15.5 Shields
 + Level 19.3 Unarmed Combat
 - Level 4.0 Spellcasting
 - Level 5.0 Translocations
 - Level 11.0 Invocations


You had 22 spell levels left.
You knew the following spells:

 Your Spells              Type           Power        Failure   Level  Hunger
a - Blink                 Tloc           N/A          69%         2    ##.....
b - Lesser Beckoning      Tloc           ##........   89%         3    ###....

Your spell library contained the following spells:

 Spells                   Type           Power        Failure   Level  Hunger
 Apportation              Tloc           ##....       54%         1    #......
 Gell's Gravitas          Tloc           ##........   89%         3    ###....
 Teleport Other           Tloc           ##......     89%         3    ###....
 Shroud of Golubria       Chrm/Tloc      #.....       96%         2    ##.....
 Animate Skeleton         Necr           N/A          99%         1    #......
 Beastly Appendage        Tmut           #.....       99%         1    #......
 Corona                   Hex            #......      99%         1    #......
 Foxfire                  Conj/Fire      #...         99%         1    #......
 Infusion                 Chrm           #...         99%         1    #......
 Pain                     Necr           #...         99%         1    #......
 Shock                    Conj/Air       #...         99%         1    #......
 Summon Butterflies       Summ           #.......     99%         1    #......
 Summon Small Mammal      Summ           #...         99%         1    #......
 Portal Projectile        Hex/Tloc       #.....       99%         3    ###....
 Call Imp                 Summ           #.......     100%        2    ##.....
 Ensorcelled Hibernation  Hex/Ice        #.....       100%        2    ##.....
 Song of Slaying          Chrm           #.......     100%        2    ##.....
 Sticks to Snakes         Tmut           #.......     100%        2    ##.....
 Swiftness                Chrm/Air       #.......     100%        2    ##.....
 Call Canine Familiar     Summ           #.......     100%        3    ###....
 Confusing Touch          Hex            #.......     100%        3    ###....
 Conjure Flame            Conj/Fire      #.......     100%        3    ###....
 Dazzling Flash           Conj/Hex       #.....       100%        3    ###....
 Inner Flame              Hex/Fire       #.......     100%        3    ###....
 Ozocubu's Armour         Chrm/Ice       #.......     100%        3    ###....
 Spectral Weapon          Hex/Chrm       #.......     100%        3    ###....
 Spider Form              Tmut/Pois      #.........   100%        3    ###....
 Static Discharge         Conj/Air       #.......     100%        3    ###....
 Summon Guardian Golem    Hex/Summ       #.......     100%        3    ###....
 Tukima's Dance           Hex            #.......     100%        3    ###....
 Vampiric Draining        Necr           #.........   100%        3    ###....
 Airstrike                Air            #.........   100%        4    #####..
 Animate Dead             Necr           N/A          100%        4    #####..
 Ice Form                 Ice/Tmut       #.......     100%        4    #####..
 Leda's Liquefaction      Hex/Erth       #.........   100%        4    #####..
 Passage of Golubria      Tloc           N/A          100%        4    #####..
 Sticky Flame             Conj/Fire      #.......     100%        4    #####..
 Summon Ice Beast         Ice/Summ       #.......     100%        4    #####..
 Summon Lightning Spire   Summ/Air       #.......     100%        4    #####..
 Agony                    Necr           #.......     100%        5    ######.
 Alistair's Intoxication  Tmut/Pois      #.......     100%        5    ######.
 Blade Hands              Tmut           #.........   100%        5    ######.
 Bolt of Magma            Conj/Fire/Erth #.........   100%        5    ######.
 Fireball                 Conj/Fire      #.........   100%        5    ######.
 Lightning Bolt           Conj/Air       #.........   100%        5    ######.
 Dispersal                Tloc           ##........   100%        6    #######
 Invisibility             Hex            #.......     100%        6    #######
 Iron Shot                Conj/Erth      #.........   100%        6    #######
 Statue Form              Tmut/Erth      #........    100%        6    #######
 Controlled Blink         Tloc           N/A          100%        8    #######
 Disjunction              Tloc           ##........   100%        8    #######
 Shatter                  Erth           #.........   100%        9    #######


Dungeon Overview and Level Annotations

Branches:
Dungeon (15/15)            Temple (1/1) D:7            Lair (6/6) D:8
 Shoals (4/4) Lair:2       Spider (4/4) Lair:2        Slime (0/5) Lair:5
    Orc (2/2) D:10            Elf (0/3) Orc:2        Vaults (4/5) D:14
  Crypt (0/3) Vaults:3     Depths (0/5) D:15          IceCv (visited)
Gauntlet (visited)

Altars:
Ashenzari
Cheibriados
Dithmenos
Elyvilon
Fedhas
Gozag
Hepliaklqana
Kikubaaqudgha
Makhleb
Nemelex Xobeh
Okawaru
Qazlal
Ru
Sif Muna
Trog
Uskayaw
Vehumet
Wu Jian
Xom
Yredelemnul
Zin
The Shining One

Shops:
D:4 !   D:10 (   D:13 %%   Orc:2 (!%[   Shoals:2 =!*}   Vaults:1 %
Vaults:2 [=(   Vaults:4 }

Portals:
Abyss: Lair:6

Annotations:
D:14 exclusion: obsidian statue
Lair:4 exclusion: 4 oklob plants
Shoals:3 1 runed translucent door


Innate Abilities, Weirdness & Mutations

You have a pair of large antennae on your head. (SInv)
You have claws for hands.
You have razor-sharp toenails.
A powerful demonic guardian rushes to your aid.
You are completely attuned to the shadows.
Your spells are a little easier to cast, but a little less powerful.


Message History

The vault warden is lightly wounded.
The vault warden hits you with a +1 long sword.
* * * LOW HITPOINT WARNING * * *
The ironbrand convoker points at the ironbrand convoker and mumbles some strange words.
The ironbrand convoker seems to grow stronger.
You claw the vault warden!
The vault warden is moderately wounded.
You mangle the vault warden!!
The vault warden is heavily wounded.
The ironbrand convoker hits you with a +0 flail!!
* * * LOW HITPOINT WARNING * * *
Okay, then.
You feel much better.
The vault warden hits you with a +1 long sword!
* * * LOW HITPOINT WARNING * * *
You block the ironbrand convoker's attack.
As you read the scroll of teleportation, it crumbles to dust.
You feel strangely unstable. You block the vault warden's attack.
The vault warden hits you with a +1 long sword!!
You die...

.....# <([..#
#......#
.(...#
#......#
#'#######
#(...(.#
#(())...#
#.)....#
###)..###
#.))W{.#
#.#...#.#
###p#########
#.......#
#.pp#...#...#
#.#...#.#
#.@(+...#...#
###...###
#..##...##..#
'.......#
####.....#'##
#########
#.....#.>...#
#
#....###....#
#
#.....#.....#
#
##'#.....####
#
#..##...##..#
#
#...#...'...#


You could see a vault warden (strong), a flayed ghost (strong) and 2 ironbrand
convokers.

Vanquished Creatures
  Bai Suzhen (Shoals:4)
  A titan (Vaults:4)
  A kraken (Shoals:2)
  Polyphemus (Shoals:2)
  4 frost giants
  The ghost of mmigdal the Spear-Bearer, an adept DsFi of Xom (Spider:3)
  11 vault wardens
  A fire giant (Vaults:3)
  The ghost of Gabide the Impaler, a journeyman HuGl of Trog (Lair:6)
  7 ghost moths
  An emperor scorpion (Spider:3)
  Louise (Shoals:2)
  2 deep elf sorcerers
  8 ironheart preservers
  9 stone giants
  3 entropy weavers
  A deep elf demonologist (Vaults:2)
  Nessos (Lair:6)
  A minotaur (Gauntlet)
  4 spark wasps
  A deep elf death mage (Vaults:2)
  4 merfolk javelineers
  An ettin (Vaults:3)
  2 fire dragons
  8 merfolk impalers
  11 yaktaur captains
  A rakshasa (D:15)
  2 great orbs of eyes
  12 hydras
  3 catoblepae
  4 ice dragons
  9 vault guards
  3 merfolk avatars
  The ghost of KamiKatze the Thaumaturge, a journeyman DECj of Vehumet (Lair:1)
  Erica (D:9)
  8 centaur warriors
  An alligator snapping turtle (Shoals:4)
  4 death knights
  20 two-headed ogres
  An alligator (Shoals:1)
  5 merfolk aquamancers
  2 satyrs
  A deep troll shaman (Lair:6)
  6 ogre magi
  2 tengu warriors
  3 orc high priests (Orc:2)
  6 death yaks
  Sonja (D:12)
  2 deep elf knights (Vaults:3)
  A thrashing horror (Lair:6)
  A shadow wraith (Vaults:1)
  9 skeletal warriors
  A glowing orange brain (shapeshifter) (Vaults:4)
  11 sea snakes
  3 deep trolls (Vaults:1)
  7 unseen horrors
  An unseen horror (shapeshifter) (Vaults:3)
  A large abomination (Lair:6)
  2 deep elf archers (Vaults:3)
  3 wizards
  2 phantasmal warriors (Vaults:4)
  12 ironbrand convokers
  A lindwurm (Lair:6)
  5 deep elf magi
  2 necromancers
  15 orb spiders
  11 orc knights
  11 harpies
  14 ugly things
  7 fauns
  14 cyclopes
  3 orc sorcerers (Orc:2)
  13 manticores
  2 shining eyes (shapeshifter)
  31 wolf spiders
  2 black mambas
  15 vault sentinels
  15 elephants
  2 ice statues (IceCv)
  19 merfolk sirens
  4 water nymphs
  Maurice (D:9)
  Joseph (D:9)
  4 molten gargoyles (D:14)
  13 spiny frogs
  8 gargoyles
  A spiny frog (shapeshifter) (Vaults:2)
  27 yaktaurs
  13 rime drakes
  A rime drake (shapeshifter) (Vaults:2)
  2 komodo dragons (shapeshifter) (Vaults:3)
  7 komodo dragons
  2 kobold demonologists (D:14)
  An entropy weaver simulacrum (Vaults:2)
  12 demonic crawlers
  5 freezing wraiths
  A yaktaur (shapeshifter) (D:14)
  3 ice devils (IceCv)
  A tengu conjurer (D:15)
  32 merfolk
  3 polar bears (Lair:6)
  6 meliai
  19 jumping spiders
  A tengu simulacrum (Vaults:2)
  6 trolls
  A meliai (shapeshifter) (D:14)
  9 slime creatures
  5 wind drakes
  9 blink frogs (Lair:3)
  A frost giant simulacrum (Vaults:2)
  7 snapping turtles
  7 dream sheep
  9 hornets
  A raiju (shapeshifter) (Vaults:2)
  A meliai zombie (D:15)
  20 hippogriffs
  28 redbacks
  9 wyverns
  A spriggan (Lair:6)
  6 wraiths
  2 shadows
  16 water elementals
  22 tarantellas
  38 yaks
  A human (shapeshifter) (Vaults:2)
  2 hungry ghosts
  5 vampire mosquitoes
  13 basilisks
  3 wargs (Orc:1)
  A human simulacrum (Vaults:3)
  14 water moccasins
  2 acid dragons (D:13)
  5 porcupines
  A hornet zombie (D:8)
  3 eyes of draining
  A black bear (D:7)
  13 ice beasts
  An ogre (shapeshifter) (D:14)
  3 phantoms
  A human zombie (Vaults:1)
  34 orc warriors
  A necrophage (D:10)
  22 ogres
  An eye of draining (shapeshifter) (D:15)
  An orc zombie (Vaults:1)
  An ettin simulacrum (Vaults:2)
  23 wolves
  8 crocodiles
  2 human skeletons (Vaults:2)
  24 centaurs
  4 big kobolds
  A yaktaur zombie (Vaults:1)
  A yaktaur skeleton (Vaults:1)
  21 bullfrogs
  A deep troll simulacrum (Vaults:2)
  2 scorpions
  An orc simulacrum (Vaults:1)
  7 killer bees
  8 wights
  An electric eel (Lair:2)
  6 howler monkeys
  4 crimson imps
  5 centaur zombies
  A lava snake (D:14)
  A quasit (D:9)
  6 jellies
  17 orc priests
  2 bullfrog skeletons
  5 hounds
  A gnoll shaman (D:4)
  4 centaur skeletons
  Jessica (D:2)
  Terence (D:2)
  12 worker ants
  An iguana (D:7)
  18 orc wizards
  2 hound zombies
  A hound skeleton (D:7)
  3 worker ant zombies
  12 gnolls
  12 adders
  4 shadow imps
  7 white imps
  5 ufetubi (IceCv)
  2 oozes
  2 adder skeletons (D:4)
  An adder zombie (D:8)
  3 worms
  3 leopard geckos
  78 orcs
  5 ball pythons
  8 bats
  4 giant cockroaches
  8 hobgoblins
  8 jackals
  5 quokkas
  5 frilled lizards
  7 goblins
  A jackal skeleton (D:5)
  20 kobolds
  A leopard gecko zombie (D:5)
  5 rats
  A plant (Lair:4)
1318 creatures vanquished.

Vanquished Creatures (collateral kills)
  A titan (Shoals:1)
  2 sphinxes
  2 tengu reavers
  3 vault wardens (Vaults:4)
  An ironheart preserver (Vaults:2)
  2 emperor scorpions (Spider:4)
  A stone giant (Vaults:4)
  2 merfolk impalers (Shoals:4)
  4 vault guards
  A great orb of eyes (Vaults:1)
  An ogre mage (Vaults:4)
  2 death yaks (Lair:6)
  A satyr (Shoals:4)
  A shadow wraith (Vaults:4)
  A phantasmal warrior (Vaults:3)
  A necromancer (Vaults:1)
  3 ironbrand convokers
  3 wolf spiders
  4 orb spiders
  6 harpies
  3 orc knights
  A moth of wrath (Spider:4)
  2 deep elf magi (Vaults:2)
  A merfolk siren (Shoals:2)
  A gargoyle (D:7)
  2 water nymphs
  A spiny frog (Lair:6)
  A yaktaur (Vaults:3)
  A wind drake (Shoals:1)
  A jumping spider (Spider:3)
  5 merfolk
  2 snapping turtles
  2 slime creatures
  A hippogriff (Lair:5)
  Prince Ribbit (D:8)
  A meliai zombie (D:14)
  A dream sheep (Lair:4)
  A water elemental (Shoals:1)
  A redback (Spider:4)
  2 yaks (D:11)
  A wyvern (D:15)
  A hungry ghost (D:9)
  An orc warrior (Orc:2)
  2 ogres
  A wolf (Lair:5)
  A centaur (D:6)
  2 crocodiles
  A bullfrog (D:7)
  A crimson imp (D:5)
  A quasit (D:12)
  A worker ant (D:14)
  A white imp (IceCv)
  5 orcs
  A kobold (D:9)
  A fungus (Lair:4)
94 creatures vanquished.

Vanquished Creatures (others)
  Urug (Lair:3)
  A manticore (Shoals:4)
  A demonic crawler (Spider:1)
  A redback (Spider:4)
  3 white imps (IceCv)
  5 ufetubi (IceCv)
  6 fungi
  17 plants
  4 tentacles (Shoals:2)
39 creatures vanquished.

Grand Total: 1451 creatures vanquished

Notes
Turn   | Place    | Note
-------+----------+-------------------------------------------
     0 | D:1      | Froggeryz the Demonspawn Gladiator began the quest for the
                  | Orb.
     0 | D:1      | Reached XP level 1. HP: 16/16 MP: 1/1
    36 | D:1      | Reached skill level 3 in Unarmed Combat
    36 | D:1      | Gained mutation: You have sharp toenails. [demonic
                  | ancestry]
    36 | D:1      | Reached XP level 2. HP: 3/22 MP: 2/2
   769 | D:1      | You fall into a shaft and drop 1 floor!
  1026 | D:2      | Reached XP level 3. HP: 27/27 MP: 3/3
  1084 | D:2      | Reached skill level 4 in Unarmed Combat
  1601 | D:2      | Noticed Jessica
  1611 | D:2      | Killed Jessica
  1611 | D:2      | Gained mutation: You have sharp fingernails. [demonic
                  | ancestry]
  1611 | D:2      | Reached XP level 4. HP: 34/34 MP: 4/4
  1648 | D:2      | Noticed Terence
  1655 | D:2      | Killed Terence
  1884 | D:2      | Gained mutation: You are slightly more attuned to the
                  | shadows. [demonic ancestry]
  1884 | D:2      | Reached XP level 5. HP: 39/39 MP: 5/5
  2591 | D:4      | Found a blossoming altar of Fedhas.
  2617 | D:4      | Reached skill level 5 in Unarmed Combat
  2629 | D:4      | Found Guschih's Distillery.
  2634 | D:4      | Reached skill level 1 in Armour
  2643 | D:4      | Bought a potion of curing for 33 gold pieces
  2643 | D:4      | Bought a potion of heal wounds for 55 gold pieces
  2643 | D:4      | Bought a potion of berserk rage for 55 gold pieces
  2643 | D:4      | Bought a potion of might for 44 gold pieces
  2791 | D:4      | Gained mutation: A weak demonic guardian rushes to your
                  | aid. [demonic ancestry]
  2791 | D:4      | Reached XP level 6. HP: 38/47 MP: 6/6
  3546 | D:4      | Reached skill level 6 in Unarmed Combat
  3546 | D:4      | Reached XP level 7. HP: 11/53 MP: 7/7
  3989 | D:5      | Entered Level 5 of the Dungeon
  4199 | D:5      | Found a stormy altar of Qazlal.
  4656 | D:5      | Reached skill level 7 in Unarmed Combat
  4848 | D:5      | Reached skill level 1 in Shields
  4936 | D:5      | Found an iron altar of Okawaru.
  4943 | D:5      | Became a worshipper of Warmaster Okawaru
  5072 | D:6      | Gained mutation: You are significantly more attuned to the
                  | shadows. [demonic ancestry]
  5072 | D:6      | Reached XP level 8. HP: 61/61 MP: 8/8
  5293 | D:6      | Reached skill level 5 in Fighting
  5808 | D:7      | Noticed a hippogriff
  5810 | D:7      | Reached * piety under Okawaru
  5815 | D:7      | Killed a hippogriff
  5815 | D:7      | Reached skill level 8 in Unarmed Combat
  5904 | D:7      | Found a staircase to the Ecumenical Temple.
  5963 | Temple   | Entered the Ecumenical Temple
  6636 | D:7      | Noticed a gargoyle
  6645 | D:7      | Killed a gargoyle
  6645 | D:7      | Reached ** piety under Okawaru
  6645 | D:7      | Gained mutation: You are completely attuned to the shadows.
                  | [demonic ancestry]
  6645 | D:7      | Reached XP level 9. HP: 35/69 MP: 9/9
  6808 | D:7      | Noticed a gargoyle
  6821 | D:7      | Killed a gargoyle
  6821 | D:7      | Reached skill level 9 in Unarmed Combat
  7110 | D:7      | Noticed a gargoyle
  7117 | D:7      | Killed a gargoyle
  7168 | D:7      | Noticed a gargoyle
  7171 | D:7      | Killed a gargoyle
  7171 | D:7      | Reached *** piety under Okawaru
  7176 | D:7      | Noticed a gargoyle
  7183 | D:7      | Killed a gargoyle
  7367 | D:8      | Noticed Prince Ribbit
  7374 | D:8      | Killed Prince Ribbit
  7550 | D:8      | Noticed an elephant
  7559 | D:8      | Killed an elephant
  7559 | D:8      | Reached **** piety under Okawaru
  7559 | D:8      | Reached skill level 5 in Shields
  7559 | D:8      | Reached skill level 10 in Unarmed Combat
  7592 | D:8      | Gained mutation: You have razor-sharp toenails. [demonic
                  | ancestry]
  7592 | D:8      | Reached XP level 10. HP: 28/79 MP: 10/10
  7939 | D:8      | Noticed a two-headed ogre
  7994 | D:8      | Killed a two-headed ogre
  8312 | D:8      | Reached skill level 1 in Invocations
  8449 | D:8      | Found a staircase to the Lair.
  8873 | D:9      | Noticed Erica
  8885 | D:9      | Killed Erica
  8885 | D:9      | Reached ***** piety under Okawaru
  8885 | D:9      | Reached skill level 11 in Unarmed Combat
  8919 | D:9      | Noticed Joseph
  8935 | D:9      | Killed Joseph
  9041 | D:9      | Found a shattered altar of Ashenzari.
  9299 | D:9      | Noticed Maurice
  9310 | D:9      | Killed Maurice
  9534 | D:10     | Entered Level 10 of the Dungeon
  9600 | D:10     | Found Kuply's Weapon Boutique.
  9603 | D:10     | Found a staircase to the Orcish Mines.
  9604 | D:10     | Noticed an orc knight
  9618 | D:10     | Killed an orc knight
  9618 | D:10     | Reached XP level 11. HP: 16/87 MP: 14/14
 10084 | D:10     | Reached skill level 5 in Invocations
 10988 | Lair:1   | Entered Level 1 of the Lair of Beasts
 11044 | Lair:1   | Noticed KamiKatze's ghost (journeyman DECj)
 11363 | Lair:1   | Found a runed translucent door.
 11514 | Lair:1   | Reached skill level 12 in Unarmed Combat
 11515 | Lair:1   | Noticed a six-headed hydra
 11528 | Lair:1   | Killed a two-headed hydra
 11820 | Lair:1   | Received a gift from Okawaru
 11823 | Lair:1   | Got a pair of buzzing boots {god gift}
 11835 | Lair:1   | Identified the +1 pair of boots "Nefiuh" {rPois Str+4
                  | Dex+4} (Okawaru gifted it to you on level 1 of the Lair of
                  | Beasts)
 12502 | Lair:1   | Found a hazy altar of Hepliaklqana.
 12822 | Lair:1   | Killed KamiKatze's ghost
 12822 | Lair:1   | Reached ****** piety under Okawaru
 13058 | Lair:2   | Found a frozen archway.
 13097 | IceCv    | Entered an ice cave
 14138 | IceCv    | Reached skill level 10 in Fighting
 14175 | IceCv    | Gained mutation: You have a pair of small antennae on your
                  | head. [demonic ancestry]
 14175 | IceCv    | Reached XP level 12. HP: 64/96 MP: 15/18
 14179 | IceCv    | Reached skill level 13 in Unarmed Combat
 14186 | IceCv    | Got a pair of warped gloves
 14195 | IceCv    | Identified the +0 pair of gloves of the Lost Path {MR+
                  | Slay+3} (You found it in an ice cave)
 14619 | Lair:2   | Noticed an eight-headed hydra
 14627 | Lair:2   | Killed a five-headed hydra
 14656 | Lair:2   | Noticed a six-headed hydra
 14663 | Lair:2   | Killed a four-headed hydra
 14733 | Lair:2   | Found a staircase to the Shoals.
 15222 | Lair:2   | Found a hole to the Spider Nest.
 15666 | Lair:3   | Noticed a four-headed hydra
 15679 | Lair:3   | Killed a one-headed hydra
 15693 | Lair:3   | Received a gift from Okawaru
 15694 | Lair:3   | Got a buzzing hat {god gift}
 15700 | Lair:3   | Identified the +2 hat "Plog" {Harm rPois Stlth+} (Okawaru
                  | gifted it to you on level 3 of the Lair of Beasts)
 15858 | Lair:3   | Reached skill level 5 in Armour
 16078 | Lair:3   | Noticed Urug
 16092 | Lair:3   | Killed Urug
 16092 | Lair:3   | Reached skill level 10 in Invocations
 17102 | Lair:4   | Noticed a six-headed hydra
 17109 | Lair:4   | Killed a six-headed hydra
 17526 | Lair:4   | Reached XP level 13. HP: 51/102 MP: 21/21
 17783 | Lair:4   | Reached skill level 14 in Unarmed Combat
 18287 | Lair:4   | Received a gift from Okawaru
 19986 | Lair:5   | Received a gift from Okawaru
 20067 | Lair:5   | Found a staircase to the Slime Pits.
 21102 | Lair:6   | Entered Level 6 of the Lair of Beasts
 21121 | Lair:6   | Reached skill level 15 in Unarmed Combat
 21340 | Lair:6   | Received a gift from Okawaru
 21544 | Lair:6   | Found a transporter.
 21798 | Lair:6   | Found a transporter.
 21899 | Lair:6   | Noticed a dire elephant
 21907 | Lair:6   | Found a one-way gate to the infinite horrors of the Abyss.
 21907 | Lair:6   | Noticed Gabide's ghost (journeyman HuGl)
 22266 | Lair:6   | Noticed Nessos
 22720 | Lair:6   | Killed Nessos
 22720 | Lair:6   | Gained mutation: You have very sharp fingernails. [demonic
                  | ancestry]
 22720 | Lair:6   | Reached XP level 14. HP: 110/110 MP: 22/22
 22837 | Lair:6   | Reached skill level 10 in Armour
 24457 | Lair:6   | Reached skill level 16 in Unarmed Combat
 24489 | Lair:6   | Killed Gabide's ghost
 24606 | Lair:6   | Received a gift from Okawaru
 24874 | Orc:1    | Entered Level 1 of the Orcish Mines
 25328 | Orc:1    | Found a burning altar of Makhleb.
 25454 | Orc:2    | Entered Level 2 of the Orcish Mines
 25698 | Orc:1    | Learned a level 2 spell: Blink
 26545 | Orc:2    | Received a gift from Okawaru
 27549 | Orc:2    | Found a staircase to the Elven Halls.
 27605 | Orc:2    | Found Oblo Mal's Armour Shop.
 27605 | Orc:2    | Found Omejaq's Weapon Emporium.
 27607 | Orc:2    | Found Ryuntiod's Food Shop.
 27607 | Orc:2    | Found Ceofae's Distillery.
 27613 | Orc:2    | Bought a potion of heal wounds for 55 gold pieces
 27617 | Orc:2    | Bought a potion of invisibility for 88 gold pieces
 27617 | Orc:2    | Bought a potion of haste for 110 gold pieces
 27617 | Orc:2    | Bought a potion of haste for 110 gold pieces
 27617 | Orc:2    | Bought a potion of curing for 33 gold pieces
 27617 | Orc:2    | Bought a potion of curing for 33 gold pieces
 28171 | D:11     | Found a gate leading to a gauntlet.
 28186 | Gauntlet | Entered a Gauntlet
 28186 | Gauntlet | Found a transporter.
 28396 | Gauntlet | Found a transporter.
 28400 | Gauntlet | Found a runed translucent door.
 28406 | Gauntlet | Found a transporter.
 28425 | Gauntlet | Found a transporter.
 28435 | Gauntlet | Found a transporter.
 28445 | Gauntlet | Found a transporter.
 28454 | Gauntlet | Found a runed translucent gate.
 28462 | Gauntlet | Found a transporter.
 28470 | Gauntlet | Found a transporter.
 28470 | Gauntlet | Found a runed translucent gate.
 28471 | Gauntlet | Found a runed translucent gate.
 28492 | Gauntlet | Found a transporter.
 28499 | Gauntlet | Found a transporter.
 28577 | Gauntlet | Found a transporter.
 28611 | Gauntlet | Found a transporter.
 28614 | Gauntlet | Found a runed translucent door.
 28621 | Gauntlet | Found a transporter.
 28729 | Gauntlet | Found a transporter.
 29010 | Gauntlet | Received a gift from Okawaru
 29036 | Gauntlet | Got a bound lead ring
 29167 | Gauntlet | Gained mutation: You have a pair of antennae on your head.
                  | [demonic ancestry]
 29167 | Gauntlet | Reached XP level 15. HP: 100/117 MP: 23/23
 29174 | Gauntlet | Found the +4 Cigotuvi's embrace {rRot *Drain rN+}
 29190 | Gauntlet | Found the +1 cloak of Starlight {rElec rC+ EV+4 Stlth--}
 29204 | Gauntlet | Identified the ring of Jeripla {Fire *Contam Slay+2 SInv
                  | Stlth+} (You found it in a Gauntlet)
 30406 | D:12     | Noticed Sonja
 30409 | D:12     | Killed Sonja
 30538 | D:12     | Found a basalt altar of Yredelemnul.
 30894 | D:13     | Reached skill level 17 in Unarmed Combat
 31082 | D:13     | Found Dyebalug's Food Boutique.
 31199 | D:13     | Received a gift from Okawaru
 31359 | D:13     | Found Zasyulue's Food Shoppe.
 32062 | D:14     | Gained mutation: Your spells are a little easier to cast,
                  | but a little less powerful. [a shining eye]
 32700 | D:14     | Found a snail-covered altar of Cheibriados.
 32748 | D:14     | Found a gateway to a bazaar.
 32948 | Bazaar   | Entered a bazaar
 32950 | Bazaar   | Found Pasm's Distillery.
 32957 | Bazaar   | Found Lozux's Gadget Emporium.
 32987 | Bazaar   | Found Sietown's Antique Weapon Emporium.
 32993 | Bazaar   | Found Uxtuguf's Antique Armour Shop.
 32999 | Bazaar   | Found Kehuesie's Weapon Emporium.
 33023 | Bazaar   | Bought a potion of curing for 36 gold pieces
 33023 | Bazaar   | Bought a potion of curing for 36 gold pieces
 33023 | Bazaar   | Bought a potion of haste for 120 gold pieces
 33023 | Bazaar   | Bought a potion of heal wounds for 60 gold pieces
 33023 | Bazaar   | Bought a potion of heal wounds for 60 gold pieces
 33023 | Bazaar   | Bought a potion of heal wounds for 60 gold pieces
 33023 | Bazaar   | Bought a potion of mutation for 96 gold pieces
 33032 | Bazaar   | Bought a wand of clouds (3) for 294 gold pieces
 33032 | Bazaar   | Bought a phantom mirror for 420 gold pieces
 33055 | D:14     | Found a gate to the Vaults.
 33093 | D:14     | Reached skill level 10 in Shields
 33610 | D:15     | Entered Level 15 of the Dungeon
 33916 | D:15     | Received a gift from Okawaru
 33939 | D:15     | Got a crystal broad axe {god gift}
 33947 | D:14     | Identified the +7 broad axe of Hafa {vorpal, +Blink +Fly
                  | rN+++ MP-9} (Okawaru gifted it to you on level 15 of the
                  | Dungeon)
 34278 | Spider:1 | Entered Level 1 of the Spider Nest
 35111 | Spider:1 | Gained mutation: A demonic guardian rushes to your aid.
                  | [demonic ancestry]
 35111 | Spider:1 | Reached XP level 16. HP: 125/127 MP: 24/24
 35241 | Spider:1 | Received a gift from Okawaru
 35628 | Spider:1 | You fall into a shaft and drop 1 floor!
 37530 | Spider:3 | Found a runed translucent door.
 39527 | Spider:3 | Noticed mmigdal's ghost (adept DsFi)
 39573 | Spider:3 | Killed mmigdal's ghost
 39614 | Spider:4 | Entered Level 4 of the Spider Nest
 39944 | Spider:4 | Learned a level 3 spell: Lesser Beckoning
 39997 | Spider:4 | Received a gift from Okawaru
 40130 | Spider:4 | Paralysed by a hornet for 2 turns
 40185 | Spider:4 | Reached skill level 1 in Spellcasting
 40814 | Spider:4 | Reached skill level 5 in Throwing
 41808 | Spider:4 | Received a gift from Okawaru
 42035 | Spider:4 | Reached XP level 17. HP: 107/135 MP: 25/25
 42182 | Spider:4 | Received a gift from Okawaru
 42267 | Spider:4 | Got a gossamer rune of Zot
 42575 | Shoals:1 | Entered Level 1 of the Shoals
 43065 | Lair:2   | Reached skill level 18 in Unarmed Combat
 44627 | Shoals:1 | Received a gift from Okawaru
 44743 | Shoals:1 | Identified the ring of Wasub {rPois rC+ SInv Stlth-}
 45241 | Shoals:1 | Noticed a titan
 45250 | Shoals:1 | Killed a titan
 45250 | Shoals:1 | Reached skill level 1 in Translocations
 45450 | Shoals:2 | Found Kipaxky's Gadget Boutique.
 45559 | Shoals:2 | Found Kitweive's Distillery.
 45564 | Shoals:2 | Bought 2 potions of curing for 72 gold pieces
 45564 | Shoals:2 | Bought a potion of curing for 36 gold pieces
 45564 | Shoals:2 | Bought a potion of haste for 120 gold pieces
 45564 | Shoals:2 | Bought a potion of curing for 36 gold pieces
 46052 | Shoals:2 | Found Biekhoc's General Store.
 46057 | Shoals:2 | Bought a potion of heal wounds for 95 gold pieces
 46232 | Shoals:2 | Found Qavviapi's Jewellery Shop.
 46492 | Shoals:2 | Noticed a kraken
 46506 | Shoals:2 | Killed a kraken
 46843 | Shoals:3 | Found a runed translucent door.
 46892 | Shoals:3 | Received a gift from Okawaru
 47962 | Shoals:3 | Noticed Polyphemus
 48215 | Shoals:3 | Noticed Louise
 48229 | Shoals:2 | Killed Louise
 48564 | Shoals:2 | Killed Polyphemus
 49133 | Shoals:4 | Entered Level 4 of the Shoals
 49287 | Shoals:4 | Noticed Bai Suzhen
 49312 | Shoals:4 | Killed Bai Suzhen
 49312 | Shoals:4 | Gained mutation: A powerful demonic guardian rushes to your
                  | aid. [demonic ancestry]
 49312 | Shoals:4 | Reached XP level 18. HP: 125/145 MP: 19/26
 49344 | Shoals:4 | Received a gift from Okawaru
 50490 | Shoals:4 | Reached skill level 5 in Translocations
 51128 | Shoals:4 | Reached skill level 15 in Shields
 51671 | Shoals:4 | Got a barnacled rune of Zot
 52837 | D:15     | Found a staircase to the Depths.
 53555 | Vaults:1 | Entered Level 1 of the Vaults
 54060 | Vaults:1 | Received a gift from Okawaru
 54586 | Vaults:1 | Found Ahuaf's Food Emporium.
 55336 | Vaults:2 | Gained mutation: You have claws for hands. [demonic
                  | ancestry]
 55336 | Vaults:2 | Reached XP level 19. HP: 153/153 MP: 27/27
 55343 | Vaults:2 | Received a gift from Okawaru
 55700 | Vaults:2 | HP: 3/153 [deep elf mage/bolt of negative energy[an
                  | ironheart preserver] (21)]
 56755 | Vaults:2 | Received a gift from Okawaru
 56896 | Vaults:2 | Found Mekei's Antique Armour Boutique.
 57226 | Vaults:2 | Reached skill level 15 in Fighting
 57681 | Vaults:2 | Found Moadenn's Weapon Emporium.
 57802 | Vaults:2 | Found Colousme's Jewellery Emporium.
 57807 | Vaults:2 | Bought a cursed amulet of inaccuracy for 34 gold pieces
 57810 | Vaults:2 | Bought an uncursed amulet of regeneration for 510 gold
                  | pieces
 58288 | Vaults:3 | Found a staircase to the Crypt.
 58288 | Vaults:3 | Found a basalt altar of Yredelemnul.
 58288 | Vaults:3 | Found an ancient bone altar of Kikubaaqudgha.
 58556 | Vaults:3 | Identified the cursed +0 plate armour of the Aged Mice
                  | {Harm +Inv rN+}
 58951 | Vaults:3 | Received a gift from Okawaru
 58960 | Vaults:3 | Reached skill level 19 in Unarmed Combat
 59716 | Vaults:4 | Gained mutation: You have a pair of large antennae on your
                  | head. (SInv) [demonic ancestry]
 59716 | Vaults:4 | Reached XP level 20. HP: 63/163 MP: 28/28
 60550 | Vaults:4 | Found Soton's Gadget Boutique.
 60666 | Vaults:4 | Received a gift from Okawaru
 60789 | Vaults:4 | HP: 7/164 [ironbrand convoker/+0 flail (19)]
 60792 | Vaults:4 | Mangled by a vault warden

Illustrated notes

Levels and vault maps discovered:
D:1:      evilmike_arrival_plus, layout_loops_ring, minmay_unequal
D:2:      minmay_angry_zag, layout_loops_corners, first_ration,
          chequers_hall_statues_corner_a, uniq_terence, uniq_jessica
D:3:      layout_loops_ring
D:4:      minmay_chambers_of_fours, layout_loops_corners, serial_shops,
          nicolae_shop_temple_entry_statues_fountains, kennysheep_pointless_box,
          fedhas_altar_1
D:5:      layout_loops_ring, okawaru_altar_gauntlet_db, grunt_qazlal_clouds
D:6:      layout_basic, grunt_tough_drop
D:7:      cheibrodos_statue_roulette, layout_gridville, temple_statues
D:8:      layout_gridville, david_lair_generic, blue_anna_alchemist
          [blue_anna_fruit_fields, blue_anna_fruit_fields], uniq_prince_ribbit1
D:9:      layout_loops_ring, evilmike_ruin_ashenzari, uniq_maurice, uniq_erica,
          uniq_joseph
D:10:     layout_layer_cave, orc_david_3
D:11:     layout_basic, gauntlet_entry_generic, feat_on_display
D:12:     layout_roguey, basic_altar, uniq_sonja
D:13:     layout_roguey, serial_shops, nicolae_shop_crystal, nicolae_shop_trees,
          serial_glass, glass_columns_a, glass_columns_b
D:14:     layout_roguey, david_vaults_2, serial_shops, bzr_entry_gold,
          cheibriados_altar_1, hangedman_decor_growths, minivault_8
D:15:     grunt_enter_depths_hoard, layout_cave_pools, nrook_campfire,
          drop_trap, minmay_alternating_orb
Temple:   compressed_dpeg_circular_temple
Lair:1:   layout_roguey, hellmonk_ghost_happy_afterlife,
          chequers_serial_rivers_micro_c, lemuel_centaur_altar,
          lemuel_fruit_tree, serial_bayou_shore_b
Lair:2:   layout_small_grid, minmay_shoals_entry_centaurs,
          spider_nest_entry_webs, portal_ice_cave_entry_ice_beasts,
          serial_bayou_lake_a, grunt_megastairs_2
Lair:3:   layout_regular_city, lemuel_fruit_fields, grunt_megastairs_1,
          uniq_urug
Lair:4:   layout_regular_city, beast_lair_carwin_10,
          infiniplex_staircase_pool_2, minmay_lair_oklob_chamber
Lair:5:   layout_roguey [special_room_mythical_zoo], minmay_slime_entry_pillars,
          minivault_27
Lair:6:   grunt_lair_end_beastmaster, layout_hall_layers,
          gammafunk_ghost_abyssal_escape, wad_woods_road_06,
          infiniplex_staircase_pool, uniq_nessos
Shoals:1: cheibrodos_shoals_gigantism, layout_shoals,
          nicolae_shoals_siren_and_animal_friends
Shoals:2: layout_shoals, serial_shops, nicolae_shop_stone, shop, shop_statue,
          shop_statue
Shoals:3: layout_shoals, lightli_airlock, uniq_polyphemus, uniq_louise
Shoals:4: shoals_end_simple, layout_shoals, uniq_bai_suzhen
Spider:1: layout_spider_delve, einodemon_crawler_minivault
Spider:2: layout_chambers
Spider:3: layout_chambers, ebering_ghost_reflecting_pool,
          nicolae_spider_webbed_stairs
Spider:4: grunt_spider_rune_island
Orc:1:    layout_caves, basic_altar
Orc:2:    grunt_orc_tribal_feast, layout_caves
Vaults:1: v_rooms_2, vaults_standard_mumra_enter_the_diamond, v_pattern_2,
          v_misc_32, hangedman_vaults_corner, hangedman_vaults_locks, v_misc_16,
          v_misc_13, vaults_room_guarded_vault, nicolae_vaults_circle_grid_a,
          ontoclasm_vaults_twist, vaults_room_stairs_pillars,
          layout_vaults_omnibox, serial_shops, nicolae_shop_waterfront
Vaults:2: vaults_room_grunt_arrival_ludios, vaults_standard_mumra_lines,
          grunt_vaults_focal, nicolae_vaults_ring_of_whatevers, st_more_cells,
          nicolae_vaults_what_the_h, vaults_room_fours,
          layout_vaults_chaotic_city, serial_shops, nicolae_shop_trees,
          nicolae_shop_behind_doors, shop
Vaults:3: minmay_crypt_entry_necro_gods, v_alt_pattern_2,
          ontoclasm_vaults_ring_large, vaults_standard_mumra_enter_the_diamond,
          st_spiral_rooms, nicolae_vaults_little_squares_3,
          nicolae_vaults_little_squares_6, vaults_dpeg_hooks,
          ontoclasm_vaults_claustrophobia, v_misc_1, hangedman_vaults_stagger,
          layout_vaults_ring
Vaults:4: advil_vaults_ghost_lines, v_misc_26, nicolae_vaults_display_case,
          nicolae_vaults_mini_display_case, ontoclasm_vaults_fault,
          nicolae_vaults_network_quinsquares
          [nicolae_vaults_network_quincunx_subvault,
          nicolae_vaults_network_quincunx_subvault,
          nicolae_vaults_network_quincunx_subvault,
          nicolae_vaults_network_quincunx_subvault], ontoclasm_vaults_chip,
          vaults_dpeg_encased_lava, vaults_mumra_hex, v_misc_23,
          ontoclasm_vaults_loading_screen, nicolae_vaults_specimen_jars,
          v_misc_17, layout_vaults_maze_bifur, serial_shops,
          nicolae_shop_waterfront

Skill      XL: |  1  2  3  4  5  6  7  8  9 10 11 12 13 14 15 16 17 18 19 20 |
---------------+-------------------------------------------------------------+-----
Unarmed Combat | 3 4 5 6 7 8 10 11 12 13 15 16 17 18 19 | 19.3
Fighting       | 3 4 6 7 8 10 12 13 14 15 16 | 16.0
Armour         | 1 2 3 6 9 10 11 13 14 | 14.5
Shields        | 1 3 5 7 10 12 14 15 | 15.5
Invocations    | 4 8 11 | 11.0
Throwing       | 2 5 |  5.0
Spellcasting   | 2 4 |  4.0
Translocations | 4 5 |  5.0
Dodging        | |  2.6

Action                   |  1- 3 |  4- 6 |  7- 9 | 10-12 | 13-15 | 16-18 | 19-21 || total
-------------------------+-------+-------+-------+-------+-------+-------+-------++-------
Melee: Unarmed           |   103 |   154 |   266 |   620 |  1870 |  2093 |   800 ||  5906
       Kick              |    12 |    38 |    84 |    78 |       |       |       ||   212
       Punch             |     2 |     3 |     9 |    13 |       |       |       ||    27
       Scimitar          |       |       |       |    23 |       |       |       ||    23
Throw: Dart              |       |     1 |       |       |     8 |       |       ||     9
       Javelin           |       |       |       |       |       |     9 |    15 ||    24
Invok: Heroism           |       |       |       |     7 |     5 |     7 |     1 ||    20
       Finesse           |       |       |       |       |       |     5 |     1 ||     6
Evoke: Wand              |       |       |       |    16 |     9 |     3 |     1 ||    29
       Phantom mirror    |       |       |       |       |       |     1 |       ||     1
  Use: Scroll            |     1 |     4 |     1 |     4 |    21 |    12 |     2 ||    45
       Potion            |       |       |     1 |     3 |     4 |     8 |     5 ||    21
 Stab: Sleeping          |     1 |       |     7 |    23 |     7 |       |       ||    38
       Distracted        |       |       |       |     8 |     9 |     4 |     5 ||    26
       Petrified         |       |       |       |       |    11 |       |       ||    11
       Petrifying        |       |       |       |       |     3 |       |       ||     3
       Held in net/web   |       |       |       |       |       |     1 |       ||     1
       Confused          |       |       |       |       |       |     2 |       ||     2
  Eat: Chunk             |     2 |     6 |    10 |    24 |    56 |    53 |    15 ||   166
       Ration            |       |       |     1 |     3 |     1 |     4 |     1 ||    10
Armor: Leather armour    |     5 |       |       |       |       |       |       ||     5
       Ring mail         |    33 |       |       |       |       |       |       ||    33
       Scale mail        |     1 |    55 |   115 |   229 |   175 |       |       ||   575
       Crystal plate arm |       |       |       |       |   806 |  1051 |   292 ||  2149
Dodge: Dodged            |    89 |    70 |   127 |   314 |   780 |   842 |   189 ||  2411
Block: Buckler           |       |       |       |    97 |   510 |   570 |       ||  1177
       Kite shield       |       |       |       |       |       |   219 |   468 ||   687
       Rpst.: Scimitar   |       |       |       |     2 |       |       |       ||     2
